 Dungeon Crawl Stone Soup version 0.17.0-23-g0de4337 (webtiles) character file.

425 imganon the Conjurer (level 6, -1/41 HPs)
             Began as a Demonspawn Wizard on Nov 13, 2015.
             Slain by a gnoll (5 damage)
             ... on level 5 of the Dungeon.
             The game lasted 00:15:30 (4964 turns).

imganon the Conjurer (Demonspawn Wizard)            Turns: 4964, Time: 00:15:30

Health: -1/41      AC:  2    Str:  7    XL:     6   Next: 64%
Magic:  0/10       EV: 12    Int: 21    God:
Gold:   175        SH:  0    Dex: 12    Spells: 4 memorised, 2 levels left

rFire  . . .     SeeInvis .     (no weapon)
rCold  . . .     Clarity  .     a - +0 robe
rNeg   . . .     SustAt   .     (no shield)
rPois  .         Gourm    .     (helmet restricted)
rElec  .         Spirit   .     (no cloak)
rCorr  .         Warding  .     (no gloves)
rMut   .         Stasis   .     (no boots)
MR     .....                    (no amulet)
Stlth  ++........               (no ring)
                                (no ring)

@: not resistant to hostile enchantments, unstealthy
A: antennae 1, claws 1, powered by death 1, rot immunity
a: no special abilities


You were on level 5 of the Dungeon.
You were not hungry.

You visited 1 branch of the dungeon, and saw 5 of its levels.

You collected 175 gold pieces.

Inventory:

Armour
 a - a +0 robe (worn)
 k - the +0 helmet of Huexkyek {MP+9}
   (You took it off Robin on level 2 of the Dungeon)

   It affects your magic capacity (+9).
 p - a +0 buckler
Wands
 t - a wand of slowing (28)
Scrolls
 b - 3 scrolls of teleportation {unknown}
 e - a scroll of fog
 h - 2 scrolls of remove curse
 l - 3 scrolls of identify {unknown}
 n - 3 scrolls of immolation {unknown}
 q - a scroll of amnesia {unknown}
 u - a scroll of blinking {unknown}
Potions
 f - a potion of curing {unknown}
 g - 2 potions of heal wounds {unknown}
 i - a potion of haste
Books
 c - a book of Minor Magic

   Spells                             Type                      Level
   a - Magic Dart                     Conjuration                  1
   b - Blink                          Translocation                2
   c - Call Imp                       Summoning                    2
   d - Repel Missiles                 Charms/Air                   2
   e - Slow                           Hexes                        2
   f - Conjure Flame                  Conjuration/Fire             3
   g - Mephitic Cloud                 Conjuration/Poison/Air       3
Comestibles
 d - 4 bread rations
 j - 6 fruits
 m - a royal jelly
 o - a beef jerky
 r - a meat ration
 s - 3 chunks of flesh


   Skills:
 - Level 1.7 Dodging
 - Level 1.7 Stealth
 - Level 3.0 Spellcasting
 + Level 7.0 Conjurations
   Level 1.0 Summonings
 - Level 0.8 Translocations


You had 2 spell levels left.
You knew the following spells:

 Your Spells              Type           Power        Failure   Level  Hunger
a - Magic Dart            Conj           ####         1%          1    None
b - Blink                 Tloc           N/A          14%         2    ##.....
c - Mephitic Cloud        Conj/Pois/Air  ##......     17%         3    ###....
d - Conjure Flame         Conj/Fire      ###.....     12%         3    ###....


Dungeon Overview and Level Annotations

Branches:
Dungeon (5/15)
 Temple: D:4-7

Altars:
Nemelex Xobeh
Ru

Shops:
D:5 :

Annotations:
D:3 Natasha
D:4 Rayvis's ghost, amateur MiFi


Innate Abilities, Weirdness & Mutations

You have a pair of small antennae on your head.
You have sharp fingernails.
You regenerate a little health from kills.
You are immune to rotting.


Message History

Unknown command.
Unknown command.
Casting: Blink
Confirm with . or Enter, or press ? or * to list all spells.
Aiming: Magic Dart
Press: ? - help, Shift-Dir - straight line, f - gnoll, p - gnoll shaman
Aim: a gnoll The magic dart hits the gnoll.
The gnoll is heavily wounded.
The gnoll hits you.
* * * LOW HITPOINT WARNING * * *
The gnoll hits you from afar with a spear.
* * * LOW HITPOINT WARNING * * *
The gnoll shaman misses you.
Unknown command.
Unknown command.
You closely miss the gnoll.
The gnoll is heavily wounded.
The gnoll misses you. The gnoll hits you.
You die...

.........##..#.####.#
........†'..<#.#.##.#
.........###.#.#.##g#
.........# #.#.#.##g#
.........# #.#.#.<#.#
.........# #.#.#.##g#
...).....# #.g....#.#
.........# #.g#####.#
##########
#..gg@gg.#########
###.####.........#
#..# #.....[...#####
##.# #.........'....
#.###.........#####
#..##.........#
##.##.........#
#..#.#########
########### ##.#.#


You could see a gnoll shaman and 4 gnolls.

Vanquished Creatures
  An ogre (D:5)
  2 crimson imps (D:5)
  A hound (D:5)
  An orc priest (D:4)
  Natasha (D:3)
  Robin (D:2)
  A worker ant zombie (D:4)
  4 gnolls (D:5)
  3 adders
  2 worms
  2 giant geckos
  6 orcs
  7 giant cockroaches
  14 goblins
  12 hobgoblins
  10 jackals
  10 kobolds
  5 bats
  6 giant newts
  9 rats
98 creatures vanquished.

Notes
Turn   | Place    | Note
--------------------------------------------------------------
     0 | D:1      | imganon the Demonspawn Wizard began the quest for the Orb.
     0 | D:1      | Reached XP level 1. HP: 13/13 MP: 4/4
   421 | D:1      | Gained mutation: You are immune to rotting. [demonic ancestry]
   421 | D:1      | Reached XP level 2. HP: 17/19 MP: 0/6
  1259 | D:1      | Gained mutation: You regenerate a little health from kills. [demonic ancestry]
  1259 | D:1      | Reached XP level 3. HP: 24/24 MP: 3/7
  1512 | D:2      | Learned a level 2 spell: Blink
  1516 | D:2      | Learned a level 3 spell: Mephitic Cloud
  1593 | D:2      | Noticed Robin
  2119 | D:2      | Killed Robin
  2122 | D:2      | Got a brightly glowing helmet
  2203 | D:1      | Identified the +0 helmet of Huexkyek {MP+9} (You took it off Robin on level 2 of the Dungeon)
  2491 | D:2      | Reached skill level 4 in Conjurations
  2491 | D:2      | Gained mutation: You have sharp fingernails. [demonic ancestry]
  2491 | D:2      | Reached XP level 4. HP: 26/30 MP: 8/8
  2803 | D:3      | Found a sparkling altar of Nemelex Xobeh.
  2825 | D:3      | Learned a level 3 spell: Conjure Flame
  2927 | D:3      | Found a sacrificial altar of Ru.
  3131 | D:3      | Noticed Natasha
  3139 | D:3      | Killed Natasha
  3315 | D:3      | Noticed Natasha
  3634 | D:4      | Reached XP level 5. HP: 24/35 MP: 9/9
  3647 | D:4      | Noticed Rayvis's ghost (amateur MiFi)
  3804 | D:4      | Reached skill level 5 in Conjurations
  4259 | D:4      | Got a shimmering robe
  4270 | D:4      | Identified the +1 robe of the Pink Corner {-Cast rElec Dex+2 Stlth+} (You found it on level 4 of the Dungeon)
  4568 | D:5      | Entered Level 5 of the Dungeon
  4596 | D:5      | Reached skill level 6 in Conjurations
  4596 | D:5      | Gained mutation: You have a pair of small antennae on your head. [demonic ancestry]
  4596 | D:5      | Reached XP level 6. HP: 41/41 MP: 2/10
  4684 | D:5      | Noticed an ogre
  4691 | D:5      | Killed an ogre
  4700 | D:5      | Found Towaciz's Book Boutique.
  4938 | D:5      | Reached skill level 7 in Conjurations
  4964 | D:5      | Slain by a gnoll

Action                   |  1- 3 |  4- 6 || total
-------------------------+-------+-------++-------
Melee: Unarmed           |    20 |    26 ||    46
 Cast: Magic Dart        |   125 |   165 ||   290
       Mephitic Cloud    |       |     2 ||     2
       Blink             |       |     2 ||     2
       Conjure Flame     |       |     1 ||     1
  Use: Scroll            |       |     2 ||     2
  Eat: Chunk             |     5 |     7 ||    12
